Map: Protocole central

Players

AdrianO

  • Race: Protoss Protoss
  • League: Grandmaster

Minho - Winner!

  • Race: Terran Terran

VOD

Have the link to the VOD?

Description

Time

  • Played on: Nov. 30, 2015, 4:02 p.m.
  • Length: 5:59
Show
View Real Time Build Order
Export as new Build Order

AdrianO Protoss 

Build Orders: 1 Gate Expand 

Get SALT Encoding   

  12  0:00  Probe (Chrono Boost)  
  13  0:11  Probe (Chrono Boost)  
  14  0:17  Pylon  
  14  0:22  Probe (Chrono Boost)  
  16  0:35  Probe (Chrono Boost)  
  16  0:39  Gateway  
  16  0:42  Assimilator  
  16  0:46  Probe (Chrono Boost)  
  17  0:57  Probe (Chrono Boost)  
  18  1:07  Probe (Chrono Boost)  
  19  1:18  Probe (Chrono Boost)  
  20  1:22  Nexus  
  20  1:33  Cybernetics Core  
  20  1:37  Assimilator  
  20  1:39  Probe (Chrono Boost)  
  21  1:45  Pylon  
  21  1:50  Probe (Chrono Boost)  
  22  2:00  Probe (Chrono Boost)  
  23  2:09  Warp Gate  
  23  2:11  Mothership Core (Chrono Boost)  
  23  2:12  Adept  
  27  2:29  Probe (Chrono Boost)  
  28  2:33  Twilight Council  
  28  2:34  Probe (Chrono Boost)  
  29  2:40  Probe (Chrono Boost)  
  29  2:44  Adept  
  32  2:45  Probe (Chrono Boost)  
  32  2:51  Probe (Chrono Boost)  
  34  2:55  Probe (Chrono Boost)  
  35  3:01  Probe (Chrono Boost)  
  36  3:06  Resonating Glaives (Chrono Boost), Probe (Chrono Boost)  
  36  3:12  Probe (Chrono Boost)  
  38  3:13  Adept  
  38  3:17  Robotics Facility, Probe (Chrono Boost)  
  41  3:22  Probe (Chrono Boost)  
  41  3:25  Pylon  
  41  3:27  Probe (Chrono Boost)  
  42  3:33  Probe (Chrono Boost)  
  44  3:36  Probe  
  45  3:45  Pylon  
  45  3:52  Gateway  
  45  3:53  Gateway  
  45  3:56  Gateway x2  
  45  4:04  Warp Prism (Chrono Boost)  
  45  4:07  Gateway  
  47  4:12  Gateway  
  47  4:17  Gateway  
  47  4:23  Pylon  
  47  4:25  Pylon  
  47  4:29  Adept  
  49  4:36  Observer (Chrono Boost)  
  49  5:10  Adept x4  
  49  5:11  Adept x3  
  53  5:33  Adept x3  
Show
View Real Time Build Order
Export as new Build Order

Minho Terran - Winner!

Build Orders: 1/1/1, Liberator Opening 

Get SALT Encoding   

  12  0:00  SCV  
  13  0:13  SCV  
  14  0:17  Supply Depot  
  14  0:25  SCV  
  15  0:30  Refinery  
  15  0:39  SCV  
  16  0:45  Barracks  
  16  0:51  SCV  
  17  1:03  SCV  
  18  1:15  SCV  
  19  1:32  Orbital Command, Factory  
  19  1:33  Marine  
  19  1:35  Refinery  
  20  1:41  Supply Depot  
  20  1:51  Marine  
  21  1:58  SCV  
  22  2:10  SCV  
  22  2:15  Barracks Reactor  
  23  2:16  Starport  
  23  2:18  Widow Mine  
  23  2:22  SCV  
  26  2:26  Barracks  
  26  2:33  Supply Depot  
  26  2:34  SCV  
  27  2:46  SCV, Widow Mine  
  27  2:51  Marine  
  30  2:54  Marine  
  30  2:55  Medivac  
  34  3:00  Supply Depot  
  34  3:07  Liberator  
  34  3:09  Marine  
  34  3:12  Marine  
  35  3:14  Marine  
  35  3:16  Factory Tech Lab  
  39  3:28  Marine  
  39  3:30  Marine  
  39  3:32  Supply Depot  
  41  3:38  Siege Tank  
  44  3:44  Marine  
  45  3:49  Marine x2  
  47  4:02  Marine  
  48  4:05  Supply Depot  
  48  4:09  Marine x2  
  50  4:10  Liberator, Siege Tank  
  53  4:21  Marine  
  54  4:27  Marine  
  58  4:35  Marine  
  59  4:39  Marine  
  59  4:41  Supply Depot  
  60  4:52  Marine  
  60  4:53  Marine  
  60  4:57  Siege Tank  
  61  5:02  Bunker  
  61  5:06  Bunker  
  61  5:18  Marine x2  
  63  5:27  Marine  
  57  5:36  Marine x2  
Tags
 
Add a new tag
Caveats
  • Supply blocks, unpowered buildings, or Contaminate may cause inaccurate times.
  • Supply counts are checked every 10 seconds.